 Dungeon Crawl Stone Soup version bcrawl-1.18.1 (webtiles) character file.

Game seed: 11603411489279233490

47 Morbidden the Ducker (level 3, 0/29 HPs)
             Began as a Centaur Archaeologist on Nov 7, 2019.
             Killed from afar by an orc wizard (6 damage)
             ... with a puff of flame
             ... on level 3 of the Dungeon.
             The game lasted 00:03:56 (2197 turns).

Morbidden the Ducker (Centaur Archaeologist)        Turns: 2197, Time: 00:03:57

Health: 0/29       AC:  6    Str: 14    XL:     3   Next: 48%
Magic:  3/3        EV:  9    Int: 18    God:
Gold:   212        SH:  2    Dex:  7    Spells: 2/2 levels left

rFire    . . .     SeeInvis .   m - +0 mace
rCold    . . .     Gourm    .   o - +0 buckler
rNeg     . . .     Faith    .   b - +1 robe
rPois    .         Spirit   .   c - +1 hat
rElec    .         Reflect  .   (no cloak)
rCorr    .         Harm     .   (no gloves)
MR       .....                  (no barding)
Stlth    +.........             (no amulet)
HPRegen  0.09/turn              (no ring)
MPRegen  0.08/turn              (no ring)

@: brilliant, studying Armour, very quick
A: large, hooves 3, deformed body, speed 2, tough skin 3
a: no special abilities


You were on level 3 of the Dungeon.
You were hungry.

You visited 1 branch of the dungeon, and saw 3 of its levels.

You collected 212 gold pieces.

Inventory:

Hand Weapons
 m - a +0 mace (weapon)
Missiles
 r - 161 sling bullets
 s - 43 javelins (quivered)
 t - 120 arrows
Armour
 b - a +1 robe (worn)
 c - a +1 hat (worn)
 d - a +1 robe
 o - a +0 buckler (worn)
Scrolls
 a - 2 scrolls of identify {unknown}
 h - a scroll of magic mapping {unknown}
 i - 3 scrolls of fear {unknown}
 j - a scroll of teleportation {unknown}
 k - 2 scrolls of enchant weapon {unknown}
 l - a scroll of remove curse {unknown}
 n - 2 scrolls of immolation {unknown}
Books
 e - a manual of Armour
Miscellaneous
 f - an ancient crate
Comestibles
 g - 5 rations {!d}


   Skills:
 * Level 1.7 Fighting
 + Level 1.2 Maces & Flails
 * Level 0.2 Armour
 + Level 2.5 Dodging
 + Level 2.4 Stealth


You had 2 spell levels left.
You didn't know any spells.
Your spell library was empty.

Dungeon Overview and Level Annotations

Branches:
Dungeon (3/12)

Altars:


Innate Abilities, Weirdness & Mutations

You have hooves in place of feet.
Armour fits poorly on your strangely shaped body.
You cover ground very quickly.
You have extremely tough skin. (AC +3)


Message History

The hobgoblin is almost dead.
The orc wizard hits you but does no damage.
The orc wizard looks encouraged for a moment.
Throwing (i - inventory)
s - 45 javelins (quivered)
Press: ? - help, Shift-Dir - straight line, f/p - hobgoblin
Aim: a hobgoblin, wielding a +0 club (almost dead)
You throw a javelin.
The javelin barely misses the orc wizard.
The javelin barely misses the hobgoblin.
The orc wizard hits you but does no damage.
The orc wizard barely misses you.
Throwing (i - inventory)
s - 44 javelins (quivered)
Press: ? - help, Shift-Dir - straight line, f/p - hobgoblin
Aim: a hobgoblin, wielding a +0 club (almost dead)
You throw a javelin.
The javelin closely misses the orc wizard.
The javelin barely misses the hobgoblin.
The orc wizard casts a spell at you. The puff of flame hits you!
You die...

########## #.# .........#
#.# ########># #.# # #.#
### #.# # #.# ....# #.# #
#.# ###.#.# #.# #
#.#.#.#.#.# #.# #
#.#.#.#o#.# #.# #
#.#.#.#.#@########.# #
#.#.#.#o#.ogo..).#.#
########.#.#.#.########.#.#
K.g.g..#.#.#.....# #.#.#
#####.##.#)#.#.#o# #g#.#
#.##.#...#g#K# #.#.#
#K##.###.#K#g# #K#.#
#.##.....#.#.# #.#.#
#.########.#.# #o#.###


You could see an orc wizard, an orc and a hobgoblin.

Vanquished Creatures
  A dart slug (D:1)
  A worm (D:2)
  4 leopard geckos
  2 ball pythons
  A giant cockroach (D:1)
  4 goblins
  5 hobgoblins
  A quokka (D:2)
  4 bats (D:1)
  4 frilled lizards
  7 kobolds
  7 rats
41 creatures vanquished.

Notes
Turn   | Place    | Note
-------+----------+-------------------------------------------
     0 | D:1      | Morbidden the Centaur Archaeologist began the quest for the
                  | Orb.
     0 | D:1      | Reached XP level 1. HP: 16/16 MP: 1/1
   155 | D:1      | Reached XP level 2. HP: 15/23 MP: 2/2
   268 | D:1      | Reached skill level 1 in Maces & Flails
   730 | D:1      | Reached XP level 3. HP: 28/28 MP: 3/3
  2197 | D:3      | Killed from afar by an orc wizard

Skill      XL: |  1  2 |
---------------+-------+-----
Maces & Flails | 1 |  1.2
Fighting       | |  1.7
Armour         | |  0.2
Dodging        | |  2.5
Stealth        | |  2.4

Action                   || total
-------------------------++-------
Melee: Whip              ||   105
       Kick              ||    21
       Mace              ||    33
Throw: Javelin           ||    24
  Use: Potion            ||     2
 Stab: Sleeping          ||     2
       Distracted        ||     1
  Eat: Chunk             ||     2
Armor: Robe              ||    70
Dodge: Dodged            ||    66
Block: Buckler           ||     5
